 Dungeon Crawl Stone Soup version 0.32-a0-666-ge8a88695a4 (webtiles) character file.

Game seed: 2404041416671101385

4450 CougarLife the Geomancer (level 10, -1/50 HPs)
             Began as a Gargoyle Earth Elementalist on Mar 9, 2024.
             Was a Priest of Vehumet.
             Slain by a crimson imp
             ... wielding a +0 dagger of chaos
              (4 damage)
             ... on level 7 of the Dungeon.
             The game lasted 00:07:16 (6603 turns).

CougarLife the Geomancer (GrEE)                     Turns: 6603, Time: 00:07:16

Health: -1/50      AC: 11    Str: 11    XL:     10   Next: 37%
Magic:  14/22      EV: 11    Int: 27    God:    Vehumet [***...]
Gold:   167        SH:  0    Dex: 10    Spells: 21/25 levels left

rFire   . . .        A - staff of earth
rCold   . . .        (no shield)
rNeg    + . .        a - +0 robe
rPois   ∞            v - +0 helmet
rElec   +            k - +0 cloak
rCorr   .            (no gloves)
SInv    .            (no boots)
Will    +....        (no amulet)
Stlth   ++           d - +6 ring of intelligence
HPRegen 0.28/turn    c - ring of willpower
MPRegen 0.18/turn

%: no passive effects
@: no status effects
A: sickness immunity, AC +7, negative energy resistance 1, electricity
resistance, torment resistance 1, petrification resistance
a: Renounce Religion


You were on level 7 of the Dungeon.
You worshipped Vehumet.
Vehumet was most pleased with you.
You visited 2 branches of the dungeon, and saw 8 of its levels.

You collected 292 gold pieces.
You spent 125 gold pieces at shops.

Inventory:

Missiles
 s - 2 throwing nets
Armour
 a - a +0 robe (worn)
 k - a +0 cloak (worn)
 v - a +0 helmet (worn)
Magical Staves
 A - a staff of earth (weapon)
Jewellery
 c - a ring of willpower (right hand)
 d - a +6 ring of intelligence (left hand)
 w - the ring "Vobimn" {^Contam Fly rN+++ Str+4}
   (You bought it in a shop on level 5 of the Dungeon)

   [ring of flight]

   Str+4:     It affects your strength (+4).
   rN+++:     It renders you almost immune to negative energy.
   Fly:       It grants you flight.
   ^Contam:   It causes magical contamination when unequipped.
 x - a ring of wizardry
Scrolls
 e - 2 scrolls of teleportation {unknown}
 f - 3 scrolls of identify {unknown}
 i - a scroll of fog {unknown}
 l - a scroll of blinking {unknown}
 m - 3 scrolls of revelation {unknown}
 o - 4 scrolls of vulnerability {unknown}
 p - a scroll of enchant armour {unknown}
 r - 2 scrolls of fear {unknown}
 y - a scroll of poison {unknown}
 C - 3 scrolls of enchant weapon {unknown}
 D - a scroll of summoning {unknown}
Potions
 b - 2 potions of magic
 g - a potion of degeneration {unknown}
 h - a potion of invisibility {unknown}
 j - 2 potions of haste {unknown}
 n - 2 potions of cancellation {unknown}
 q - 2 potions of curing {unknown}
 t - 2 potions of berserk rage {unknown}
 u - 2 potions of heal wounds {unknown}
 z - 2 potions of attraction {unknown}
 B - a potion of lignification {unknown}


   Skills:
 - Level 1.5 Dodging
 - Level 2.1 Stealth
 + Level 8.2 Spellcasting
 + Level 9.4 Conjurations
 + Level 10.8 Earth Magic


You had 21 spell levels left.
You knew the following spells:

 Your Spells              Type           Power      Damage    Failure   Level
a - Sandblast             Erth           100%       2d20      1%          1
b - Stone Arrow           Conj/Erth      100%       3d13      1%          3

Your spell library contained the following spells:

 Spells                   Type           Power      Damage    Failure   Level
 Searing Ray              Conj           100%       2d8       1%          2
 Passwall                 Erth           81%        N/A       1%          3
 Brom's Barrelling Bould  Conj/Erth      78%        2d9       1%          4
 Petrify                  Alch/Erth      57%        N/A       5%          4
 Animate Dead             Necr           11%        N/A       45%         4
 Haunt                    Necr/Summ      5%         N/A       100%        7
 Infestation              Necr           5%         N/A       100%        8


Dungeon Overview and Level Annotations

Branches:
Dungeon (7/15)             Temple (1/1) D:4

Altars:
Ashenzari
Cheibriados
Dithmenos
Elyvilon
Gozag
Hepliaklqana
Makhleb
Nemelex Xobeh
Okawaru
Qazlal
Ru
Sif Muna
Uskayaw
Vehumet
Xom
Yredelemnul
The Shining One

Shops:
D:5 *

Annotations:
Temple 2 transporters


Innate Abilities, Weirdness & Mutations

You are immune to sickness and miasma.
Your stone body is resilient. (AC +7)
You are immune to poison.
You resist negative energy. (rN+)
You are resistant to electric shocks. (rElec)
You are resistant to unholy torment.
You are immune to petrification.


Message History

There is an open door here.
Okay, then.
Okay, then.
Okay, then.
Casting: Sandblast (safe; 1% risk of failure)
Confirm with . or Enter, or press ? or * to list all spells.
Aiming: Stone Arrow (safe; 1% risk of failure)
Press: ? - help, Shift-Dir - straight line, f - steam dragon
Aim: a steam dragon (78% to hit)
You feel a surge of power!
The stone arrow hits the steam dragon!!
The steam dragon is almost dead.
The steam dragon breathes steam at you. The ball of steam hits you!
* * * LOW HITPOINT WARNING * * *
You hear a shout!
Casting: Stone Arrow (safe; 1% risk of failure)
Confirm with . or Enter, or press ? or * to list all spells.
Aiming: Stone Arrow (safe; 1% risk of failure)
Press: ? - help, Shift-Dir - straight line, f/p - steam dragon
Aim: a steam dragon (almost dead, catching its breath, 78% to hit)
You feel a surge of power!
The stone arrow misses the steam dragon.
You are engulfed in a cloud of scalding steam.
The teleport trap disappears.
The crimson imp disappears!
Casting: Stone Arrow (safe; 1% risk of failure)
Confirm with . or Enter, or press ? or * to list all spells.
Aiming: Stone Arrow (safe; 1% risk of failure)
Press: ? - help, Shift-Dir - straight line, f/p - steam dragon
Aim: a steam dragon (steam, almost dead, catching its breath, 78% to hit)
You feel a surge of power!
The stone arrow hits the steam dragon!
You kill the steam dragon!
Vehumet accepts your kill.
The steam dragon scales are intact enough to wear.
You are engulfed in a cloud of scalding steam.
* * * LOW HITPOINT WARNING * * *
You hear a shout!
The teleport trap disappears.
The crimson imp disappears!
The crimson imp attacks as it pursues you!
The crimson imp hits you with a +0 dagger of chaos.
You die...

##### ....# ###+### ###.# ..§.§
## .# ###.§.### .##.# #5^(5.^5#
.. ....##### ##'## #.# .#......#
#..5# #.#### .)..###. #.[@# #....
# ......#.######§§.########..# .#
##..#....(..$...........#..####.#
......#..........................
##..............................#
#.....#.####....#.#####...#.##.#
##.###.#.# #....#.# #........#
.#.......##......#.# #..#...#.#
.......####.#.§§.#.# #..##.##.#


You could see 2 crimson imps.

Vanquished Creatures
  A two-headed ogre (D:6)
  Prince Ribbit (D:6)
  Sigmund (D:2)
  Eustachio (D:5)
  A yak (D:6)
  A steam dragon (D:7)
  2 water moccasins
  2 sky beasts
  A black bear (D:6)
  6 ice beasts
  An ogre (D:6)
  A centaur (D:6)
  2 phantoms
  2 kobold brigands
  4 bullfrogs
  A gnoll sergeant (D:6)
  A scorpion (D:5)
  6 killer bees (D:7)
  7 hounds
  2 orc priests
  Crazy Yiuf (D:4)
  A gnoll bouda (D:7)
  4 jellies
  3 iguanas
  3 sleepcaps
  4 orc wizards
  7 gnolls
  7 adders
  A white imp (D:6)
  5 ufetubi (D:6)
  A ribbon worm (D:3)
  3 dart slugs
  22 orcs
  13 endoplasms
  3 giant cockroaches
  8 goblins
  6 hobgoblins
  6 jackals
  3 quokkas
  4 ball pythons
  2 bats
  2 frilled lizards
  24 kobolds
  5 rats
182 creatures vanquished.

Notes
Turn   | Place    | Note
-------+----------+-------------------------------------------
     0 | D:1      | CougarLife the Gargoyle Earth Elementalist began the quest
                  | for the Orb.
     0 | D:1      | Reached XP level 1. HP: 10/10 MP: 3/3
   224 | D:1      | Reached XP level 2. HP: 15/15 MP: 3/5
   327 | D:1      | Reached skill level 4 in Earth Magic
   397 | D:1      | Found a faded altar of an unknown god.
   499 | D:1      | Reached XP level 3. HP: 19/19 MP: 4/6
  1408 | D:2      | Noticed Sigmund
  1430 | D:2      | Killed Sigmund
  1431 | D:2      | Reached skill level 5 in Earth Magic
  1431 | D:2      | Reached XP level 4. HP: 24/24 MP: 3/9
  1431 | D:2      | Reached XP level 5. HP: 28/28 MP: 3/10
  1489 | D:2      | Learned a level 3 spell: Stone Arrow
  2030 | D:3      | Reached XP level 6. HP: 32/32 MP: 9/11
  2876 | D:4      | Found a staircase to the Ecumenical Temple.
  2885 | Temple   | Found a transporter.
  2885 | Temple   | Found a transporter.
  2885 | Temple   | Found a transporter.
  2885 | Temple   | Found a transporter.
  2885 | Temple   | Entered the Ecumenical Temple
  2897 | Temple   | Became a worshipper of Vehumet
  3072 | D:4      | Found a shadowy altar of Dithmenos.
  3202 | D:4      | Found a runed translucent door.
  3203 | D:4      | Noticed Crazy Yiuf
  3355 | D:4      | Found a glowing golden altar of the Shining One.
  3649 | D:4      | Killed Crazy Yiuf
  3650 | D:4      | Reached skill level 6 in Earth Magic
  3650 | D:4      | Reached XP level 7. HP: 36/36 MP: 4/13
  3760 | D:5      | Entered Level 5 of the Dungeon
  3772 | D:5      | Found Soipet's Assorted Antiques.
  3820 | D:5      | Reached skill level 5 in Conjurations
  3906 | D:5      | Bought a clouded bronze ring for 125 gold pieces
  3906 | D:5      | Identified the ring "Vobimn" {^Contam Fly rN+++ Str+4} (You
                  | bought it in a shop on level 5 of the Dungeon)
  4184 | D:5      | Reached skill level 5 in Spellcasting
  4421 | D:5      | Reached * piety under Vehumet
  4421 | D:5      | Offered knowledge of Shock by Vehumet.
  4422 | D:5      | Reached skill level 7 in Earth Magic
  4422 | D:5      | Reached XP level 8. HP: 41/41 MP: 13/15
  4576 | D:6      | Noticed Prince Ribbit
  4576 | D:6      | Noticed Eustachio
  4644 | D:6      | Killed Prince Ribbit
  4651 | D:5      | Killed Eustachio
  4726 | D:6      | Reached skill level 8 in Earth Magic
  4832 | D:6      | HP: 2/41 [bullfrog (2)]
  4833 | D:6      | Identified the +2 buckler "Irremal" {Rampage Int+2}
  4988 | D:6      | Reached XP level 9. HP: 45/45 MP: 15/18
  5241 | D:6      | Offered knowledge of Freeze by Vehumet.
  5370 | D:6      | Noticed a two-headed ogre
  5374 | D:6      | Killed a two-headed ogre
  5375 | D:6      | Reached skill level 9 in Earth Magic
  5562 | D:6      | Reached ** piety under Vehumet
  5799 | D:6      | Reached skill level 10 in Earth Magic
  5960 | D:6      | Reached XP level 10. HP: 50/50 MP: 15/21
  5997 | D:6      | Found a shimmering blue altar of Sif Muna.
  6055 | D:6      | Found a burning altar of Makhleb.
  6116 | D:7      | Offered knowledge of Searing Ray by Vehumet.
  6267 | D:7      | Reached *** piety under Vehumet
  6406 | D:7      | Found a broken altar of Ashenzari.
  6596 | D:7      | Found a shimmering altar of Xom.
  6603 | D:7      | Slain by a crimson imp

Illustrated notes

Levels and vault maps discovered:
D:1:      dpeg_arrival_concentric_ovals, layout_loops_ring,
          chequers_ecumenical_altar_simple_redux
D:2:      layout_loops_ring, uniq_sigmund
D:3:      layout_basic
D:4:      layout_rooms, tso_altar, nicolae_dithmenos_the_darkroom,
          minmay_temple_entry_slanted, hex_large, uniq_crazy_yiuf_cottage
D:5:      layout_loops_cross, kennysheep_windowed_goal
D:6:      layout_rooms, mainiacjoe_overflow_two_lobes, minmay_pentangle,
          uniq_prince_ribbit1, uniq_eustachio
D:7:      layout_loops_cross, nicolae_ashenzari_skybound, led_xom_imps,
          kennysheep_nondescript, dk_noncrumbling_3, uniq_menkaure
Temple:   hellmonk_temple_divided_pantheon

Skill      XL: |  1  2  3  4  5  6  7  8  9 10 |
---------------+-------------------------------+-----
Earth Magic    | 4 5 6 7 8 10 | 10.8
Conjurations   | 3 4 5 6 8 9 |  9.4
Spellcasting   | 3 4 5 6 7 8 |  8.2
Dodging        | |  1.5
Stealth        | |  2.1

Action                     |  1- 3 |  4- 6 |  7- 9 | 10-12 || total
---------------------------+-------+-------+-------+-------++-------
  Melee: Dagger            |     8 |       |     1 |       ||     9
   Cast: Sandblast         |    48 |    75 |    96 |    50 ||   269
         Stone Arrow       |       |     2 |    17 |     5 ||    24
 Armour: Robe              |    28 |    31 |    55 |    37 ||   151
  Dodge: Dodged            |    17 |    26 |    37 |    23 ||   103

Table legend: (Time is in decaauts)
 A = Elapsed time spent in this place.
 B = Non-inter-level travel time spent in this place.
 C = Inter-level travel time spent in this place.
 D = Time resting spent in this place.
 E = Time spent auto-exploring this place.
 F = Levels seen in this place.
 G = Mean time per level.
                   A        B        C        D        E       F      G
               +--------+--------+--------+--------+--------+-----+--------+
         Total |   6735 |   6464 |    271 |    992 |   4391 |   8 |  841.9 |
       Dungeon |   6709 |   6450 |    259 |    992 |   4391 |   7 |  958.4 |
        Temple |     26 |     14 |     12 |      0 |      0 |   1 |   26.0 |
               +--------+--------+--------+--------+--------+-----+--------+

Top non-repeatable levels by time:
     D:6: 1273 daAuts
     D:1: 1142 daAuts
     D:5: 969 daAuts
     D:4: 929 daAuts
     D:3: 881 daAuts
     D:2: 839 daAuts
     D:7: 673 daAuts
  Temple: 26 daAuts
